 Dungeon Crawl Stone Soup version 0.32-a0-607-g64ea0e4219 (webtiles) character file.

Game seed: 7650852817566297064

2564 ezpacito the Trooper (level 9, -13/69 HPs)
             Began as a Coglin Chaos Knight on Mar 3, 2024.
             Was a Plaything of Xom.
             Killed from afar by an acid dragon (17 damage)
             ... with a splash of acid
             ... on level 9 of the Dungeon.
             The game lasted 00:12:24 (7382 turns).

ezpacito the Trooper (Coglin Chaos Knight)          Turns: 7382, Time: 00:12:25

Health: -13/69     AC: 13    Str: 20    XL:     9   Next: 57%
Magic:  12/12      EV: 10    Int: 12    God:    Xom [..*...]
Gold:   157        SH:  0    Dex: 14    Spells: 2/13 levels left

rFire   . . .        a - +1 hand axe (chaos) {Bianca}
rCold   . . .        A - staff of Cesuqaul {Str+4 Ice Earth}
rNeg    . . .        j - +1 chain mail
rPois   .            (no helmet)
rElec   .            p - +0 cloak
rCorr   .            n - +0 pair of gloves
SInv    +            (no boots)
Will    .....        (amulet unavailable)
Stlth   +            (ring unavailable)
HPRegen 0.31/turn    (ring unavailable)
MPRegen 0.13/turn    (no gizmo)

%: no passive effects
@: about to teleport, corroded, slowed, revving, very slow
A: off-hand wielding, slow wielding, warmup strikes, no jewellery, fangs 1,
iridescent scales 2, camouflage 1, see invisible, sense surroundings 1, no
potion heal 1, inability to read after injury 1
a: Invent Gizmo, Renounce Religion


You were on level 9 of the Dungeon.
You worshipped Xom.
You were a toy of Xom.
You visited 2 branches of the dungeon, and saw 10 of its levels.

You collected 364 gold pieces.
You spent 207 gold pieces at shops.

Inventory:

Hand Weapons
 a - a +1 hand axe of chaos (weapon) {Bianca}
 d - a +0 war axe
 y - a +1 hand axe of flaming
 z - a +1 trident of protection {Bunsong}
Missiles
 r - 9 boomerangs
 v - 18 poisoned darts
 C - a curare-tipped dart
Armour
 j - a +1 chain mail (worn)
 n - a +0 pair of gloves (worn)
 p - a +0 cloak (worn)
Magical Staves
 o - a staff of air
 A - the staff of Cesuqaul (offhand) {Str+4 Ice Earth}
   (You found it on level 8 of the Dungeon)

   [staff of earth]

   Base accuracy: +5 Base damage: 5 Base attack delay: 1.2 This weapon's minimum
   attack delay (0.6) is reached at skill level 12.
   Str+4:     It affects your strength (+4).
   Ice:       It increases the power of your Ice spells.
   Earth:     It increases the power of your Earth spells.
   It falls into the 'Staves' category.
   It is a one-graspered weapon.
Talismans
 f - a beast talisman
Wands
 w - a wand of polymorph (16)
 x - a wand of iceblast (13)
Scrolls
 b - 3 scrolls of enchant armour
 c - a scroll of vulnerability
 e - 2 scrolls of noise
 h - a scroll of revelation
 l - a scroll of fog
 m - 4 scrolls of amnesia
 t - 2 scrolls of teleportation
Potions
 g - 2 potions of enlightenment
 q - a potion of curing
 s - a potion of magic
 u - a potion of cancellation


   Skills:
 * Level 5.8 Fighting
 * Level 5.7(6.2) Axes
 + Level 3.0(4.5) Polearms
 * Level 4.7 Armour
 * Level 4.5 Dodging
 + Level 2.6 Stealth
 + Level 2.6 Unarmed Combat
 + Level 2.5 Spellcasting
 + Level 1.2 Translocations
 + Level 1.4 Alchemy
 + Level 3.8 Evocations


You had 2 spell levels left.
You knew the following spells:

 Your Spells              Type           Power      Damage    Failure   Level
a - Freeze                Ice            8%         1d3       88%         1
b - Momentum Strike       Conj/Tloc      4%         3d8       91%         2
c - Fulminant Prism       Conj/Alch      1%         3d5       100%        4
d - Blink                 Tloc           8%         N/A       86%         2
e - Searing Ray           Conj           2%         2d4       95%         2

Your spell library contained the following spells:

 Spells                   Type           Power      Damage    Failure   Level
 Lesser Beckoning         Tloc           8%         N/A       86%         2
 Magic Dart               Conj           4%         1d3       88%         1
 Dazzling Flash           Conj/Hex       2%         N/A       99%         3
 Frozen Ramparts          Ice            4%         1d1       99%         3
 Hailstorm                Conj/Ice       2%         3d5       99%         3
 Volatile Blastmotes      Fire/Tloc      4%         2d10      99%         3
 Starburst                Conj/Fire      0%         6d3       100%        6
 Maxwell's Capacitive Co  Air            0%         ∞         100%        8


Dungeon Overview and Level Annotations

Branches:
Dungeon (9/15)             Temple (1/1) D:7
   Lair: D:8-11         Orc: D:9-12

Altars:
Cheibriados
Dithmenos
Elyvilon
Fedhas
Gozag
Hepliaklqana
Makhleb
Nemelex Xobeh
Okawaru
Qazlal
Ru
Sif Muna
Trog
Uskayaw
Wu Jian
Xom
Yredelemnul
The Shining One

Shops:
D:3 =   D:4 *


Innate Abilities, Weirdness & Mutations

You can wield a second weapon in your off-hand.
It takes a long time for you to wield or remove held weapons.
Your first few attacks do less damage.
You cannot equip rings or amulets.
You have very sharp teeth.
You are mostly covered in iridescent scales. (AC +4)
Your skin changes colour to match your surroundings (Stealth+).
You have supernaturally acute eyesight. (SInv)
You passively map a small area around you.
Potions are less effective at restoring your health.
You occasionally lose the ability to read scrolls when taking damage.


Message History

As you read the scroll of blinking, it crumbles to dust.
You start resting.
There are monsters nearby!
Okay, then.
Aiming: Polymorph
Press: ? - help, Shift-Dir - straight line, f - orc warrior
Aim: an orc warrior, wielding a +0 long sword and wearing a +0 chain mail (heavily wounded, unusually resistant, will become an adder, a boggart, or an acid dragon, chance to affect: 59%)
Okay, then.
Aiming: Polymorph
Press: ? - help, Shift-Dir - straight line, f - orc warrior
Aim: an orc warrior, wielding a +0 long sword and wearing a +0 chain mail (heavily wounded, unusually resistant, will become an adder, a boggart, or an acid dragon, chance to affect: 59%)
The orc warrior evaporates and reforms as an acid dragon!
The acid dragon spits acid at you. The splash of acid hits you!
* * * LOW HITPOINT WARNING * * *
The acid corrodes you!
You take 6 damage, and have 13/69 hp.
You hit the acid dragon but do no damage.
The acid dragon is heavily wounded.
You hit the acid dragon but do no damage.
You closely miss the yak with your +1 hand axe of chaos.
You hit the yak but do no damage.
The yak is poisoned.
The acid dragon completely misses you.
The acid dragon claws you but does no damage.
The yak gores you.
* * * LOW HITPOINT WARNING * * *
The yak gores you.
* * * LOW HITPOINT WARNING * * *
The acid dragon bites you.
* * * LOW HITPOINT WARNING * * *
The acid dragon claws you but does no damage.
The yak gores you but does no damage.
You take 10 damage, and have 3/69 hp.
Unknown command.
As you read the scroll of teleportation, it crumbles to dust.
You feel strangely unstable. The yak misses you.
The acid dragon spits acid at you. The splash of acid hits you!
You die...
Xom howls with laughter!

** , **** ,, * * **,* ,,
,*,* ##### , ,,#.* ##...##
,,,,#.## ##.....## ,,
,#..# #Y@.....# , ,#..##
#YDY....# ,, #...#
*###.......# ,
,,#...####.........##
,,,#)..YY.Yo##.......#
##+##...##............#***
......<.#...............
**
....#................### ,
* ###................,****
*


You could see 3 yaks and an acid dragon (catching breath).

Vanquished Creatures
  A wraith (D:9)
  An ice beast (D:5)
  4 black bears
  A sky beast (D:7)
  A tengu (D:6)
  3 phantoms
  2 kobold brigands (D:8)
  A brain worm (D:4)
  2 bullfrogs
  2 scorpions
  A wight (D:8)
  A howler monkey (D:5)
  A hound (D:4)
  2 jellies (D:5)
  Crazy Yiuf (D:3)
  2 bombardier beetles
  A gnoll bouda (D:6)
  3 orc priests
  2 sleepcaps (D:6)
  6 iguanas
  9 orc wizards
  6 adders
  10 gnolls
  A white imp (D:7)
  2 ribbon worms (D:3)
  4 dart slugs
  31 orcs
  6 endoplasms
  8 giant cockroaches
  7 goblins
  5 hobgoblins
  13 kobolds
  6 quokkas
  5 ball pythons
  10 bats
  2 frilled lizards
  4 rats
167 creatures vanquished.

Vanquished Creatures (collateral kills)
  A gnoll sergeant (D:7)
  5 gnolls
6 creatures vanquished.

Vanquished Creatures (others)
  2 wights (D:8)
2 creatures vanquished.

Grand Total: 175 creatures vanquished

Notes
Turn   | Place    | Note
-------+----------+-------------------------------------------
     0 | D:1      | ezpacito the Coglin Chaos Knight began the quest for the
                  | Orb.
     0 | D:1      | Reached XP level 1. HP: 18/18 MP: 1/1
   102 | D:1      | XOM: silly message
   146 | D:1      | Reached skill level 1 in Dodging
   159 | D:1      | Reached XP level 2. HP: 24/24 MP: 2/2
   594 | D:2      | Reached XP level 3. HP: 29/29 MP: 3/3
   676 | D:2      | XOM: 5-stop teleportation journey
  1048 | D:2      | XOM: give mutations
  1048 | D:2      | Gained mutation: Your mind is acute. (Int +4, Str/Dex -1)
                  | [Xom's mischief]
  1048 | D:2      | Gained mutation: You have supernaturally acute eyesight.
                  | (SInv) [Xom's mischief]
  1094 | D:2      | XOM: give mutation
  1094 | D:2      | Gained mutation: You are clumsy. (Dex -2) [Xom's mischief]
  1175 | D:3      | Found a sparkling altar of Nemelex Xobeh.
  1186 | D:3      | XOM: 1-stop teleportation journey
  1193 | D:3      | Reached XP level 4. HP: 30/35 MP: 4/4
  1234 | D:3      | Found Med Rut's Jewellery Emporium.
  1313 | D:3      | Reached skill level 1 in Polearms
  1313 | D:3      | Reached XP level 5. HP: 41/41 MP: 5/5
  1449 | D:3      | Identified the +4 ring mail "Ilyeh" {Rampage *Corrode rPois
                  | Dex-5}
  1756 | D:3      | Found a shimmering altar of Xom.
  1893 | D:3      | Found a runed translucent door.
  1894 | D:3      | Noticed Crazy Yiuf
  1903 | D:3      | Killed Crazy Yiuf
  1989 | D:3      | XOM: silly message
  2222 | D:4      | XOM: polymorph orc priest -> brain worm
  2226 | D:4      | XOM: swap monsters
  2227 | D:4      | Reached skill level 1 in Evocations
  2227 | D:4      | XOM: repel stairs
  2235 | D:4      | Reached skill level 1 in Unarmed Combat
  2235 | D:4      | Reached skill level 1 in Spellcasting
  2235 | D:4      | Reached XP level 6. HP: 40/48 MP: 5/7
  2348 | D:4      | Found Egecauch's Assorted Antiques.
  2352 | D:4      | Bought 2 scrolls of identify for 120 gold pieces
  2352 | D:4      | Bought a pink potion for 27 gold pieces
  2369 | D:4      | XOM: repel stairs
  2403 | D:4      | XOM: silly message
  2495 | D:4      | Reached skill level 1 in Stealth
  2714 | D:4      | XOM: confuse monster(s)
  2721 | D:4      | Reached XP level 7. HP: 44/54 MP: 8/8
  2735 | D:4      | XOM: cast spell 'Cause Fear'
  2787 | D:4      | XOM: divination: magic mapping
  3007 | D:5      | Entered Level 5 of the Dungeon
  3257 | D:5      | XOM: confuse monster(s)
  3441 | D:5      | XOM: cast spell 'Animate Armour'
  3469 | D:5      | Reached XP level 8. HP: 25/61 MP: 10/10
  3607 | D:5      | Found a sacrificial altar of Ru.
  3674 | D:5      | XOM: cast spell 'Alistair's Intoxication'
  3675 | D:5      | XOM: enchant monster (good)
  3865 | D:5      | XOM: noise
  3881 | D:5      | XOM: give mutations
  3881 | D:5      | Gained mutation: Potions are less effective at restoring
                  | your health. [Xom's mischief]
  3881 | D:5      | Lost mutation: Your mind is acute. (Int +4, Str/Dex -1)
                  | [Xom's mischief]
  4086 | D:6      | XOM: enchant monster (good)
  4139 | D:6      | XOM: 5-stop teleportation journey
  4291 | D:6      | Noticed a wyvern
  4296 | D:6      | XOM: silly message
  4325 | D:6      | a wyvern changed into a tengu
  4422 | D:6      | XOM: stat loss: -1 Str (13/14)
  4537 | D:6      | Reached skill level 5 in Fighting
  4553 | D:6      | XOM: 3-stop teleportation journey
  4572 | D:6      | XOM: polymorph iguana -> bat
  4575 | D:6      | XOM: confuse monster(s)
  4579 | D:6      | Reached skill level 5 in Axes
  5009 | D:6      | Found a glowing golden altar of the Shining One.
  5173 | D:6      | XOM: scenery: 1 doors open, 1 doors close
  5328 | D:6      | Learned a level 1 spell: Freeze
  5331 | D:6      | Learned a level 2 spell: Momentum Strike
  5336 | D:6      | Learned a level 4 spell: Fulminant Prism
  5339 | D:6      | Learned a level 2 spell: Blink
  5342 | D:6      | Learned a level 2 spell: Searing Ray
  5459 | D:4      | Bought a scroll labelled YNGESA ROFOTE for 30 gold pieces
  5459 | D:4      | Bought a scroll labelled LYIROI ASHROERI for 30 gold pieces
  5492 | D:6      | XOM: god gift: 18 gold pieces
  5496 | D:7      | XOM: summons friendly ufetubus
  5503 | D:7      | Reached XP level 9. HP: 50/68 MP: 12/12
  5547 | D:7      | XOM: polymorph ufetubus -> white imp
  5801 | D:7      | XOM: summons 3 friendly demons
  6159 | D:7      | Found a staircase to the Ecumenical Temple.
  6167 | Temple   | Entered the Ecumenical Temple
  6394 | D:7      | XOM: give mutations
  6394 | D:7      | Lost mutation: You are clumsy. (Dex -2) [Xom's grace]
  6394 | D:7      | Gained mutation: You have very sharp teeth. [Xom's grace]
  6394 | D:7      | Gained mutation: Your skin changes colour to match your
                  | surroundings (Stealth+). [Xom's grace]
  6485 | D:7      | Reached skill level 1 in Alchemy
  6555 | D:8      | XOM: divine lightning
  6599 | D:8      | XOM: give mutations
  6599 | D:8      | Gained mutation: You passively map a small area around you.
                  | [Xom's grace]
  6599 | D:8      | Gained mutation: You are partially covered in iridescent
                  | scales. (AC +2) [Xom's grace]
  6599 | D:8      | Gained mutation: You are robust. (+10% HP) [Xom's grace]
  6599 | D:8      | Gained mutation: You are resistant to electric shocks.
                  | (rElec) [Xom's grace]
  6606 | D:8      | XOM: noise
  6663 | D:8      | Identified the staff of Cesuqaul {Str+4 Ice Earth}
  6690 | D:8      | XOM: silly message
  6691 | D:8      | Reached skill level 1 in Translocations
  7122 | D:8      | Found a basalt altar of Yredelemnul.
  7172 | D:8      | XOM: divination: detect creatures
  7353 | D:9      | Lost mutation: You are robust. (+10% HP) [potion of
                  | mutation]
  7353 | D:9      | Lost mutation: You are resistant to electric shocks.
                  | (rElec) [potion of mutation]
  7353 | D:9      | Gained mutation: You occasionally lose the ability to read
                  | scrolls when taking damage. [potion of mutation]
  7353 | D:9      | Gained mutation: You are mostly covered in iridescent
                  | scales. (AC +4) [potion of mutation]
  7353 | D:9      | XOM: enchant monster (good)
  7364 | D:9      | XOM: divination: magic mapping
  7381 | D:9      | HP: 3/69 [acid dragon (4)]
  7382 | D:9      | Killed from afar by an acid dragon

Illustrated notes

Levels and vault maps discovered:
D:1:      psy_arrival_basics, layout_rooms, serial_curves, eino_curves_01,
          eino_curves_02
D:2:      layout_basic, minmay_misc_feat_chi
D:3:      layout_basic, mainiacjoe_overflow_concentric_impassable,
          nemelex_xobeh_ov_fountains_minmay, serial_curves, eino_curves_04,
          eino_curves_04, serial_shops, shop, minmay_statues_item,
          uniq_crazy_yiuf_cottage
D:4:      cheibrodos_barr_body, layout_loops_cross, serial_shops,
          nicolae_shop_statue_plus, minivault_14
D:5:      layout_loops_ring, nicolae_ru_awakened_eye
D:6:      layout_gridville, tso_oasis_becter, minivault_23,
          amcnicky_mini_corridor_feature
D:7:      layout_loops_ring, temple_green
D:8:      layout_basic, nicolae_overflow_hidden_temple, roderic_lattice_a
D:9:      layout_rooms, gammafunk_temple_overflow_elements,
          jmf_multi_god_temple2, serial_corexii_hall, corexii_hall_statues_l,
          chequers_hall_statues_wall_a, serial_library_hellmonk_recessed_alcove,
          st_stairs_7, minivault_25, uniq_erica, uniq_harold, uniq_grum
Temple:   nicolae_temple_ecumenical_triangle

Skill      XL: |  1  2  3  4  5  6  7  8  9 |
---------------+----------------------------+-----
Dodging        | 1 2 3 4 |  4.5
Armour         | 2 3 4 |  4.7
Polearms       | 1 2 3 |  3.0
Evocations     | 1 2 3 |  3.8
Unarmed Combat | 1 2 |  2.6
Spellcasting   | 1 2 |  2.5
Stealth        | 1 2 |  2.6
Fighting       | 4 5 |  5.8
Axes           | 4 5 |  5.7
Alchemy        | 1 |  1.4
Translocations | 1 |  1.2

Action                     |  1- 3 |  4- 6 |  7- 9 || total
---------------------------+-------+-------+-------++-------
  Melee: Hand axe          |    87 |   129 |   319 ||   535
         Dagger            |    78 |   127 |   232 ||   437
         Trident           |       |       |    64 ||    64
         Staff             |       |       |    34 ||    34
         Bite              |       |       |    11 ||    11
  Evoke: Wand              |       |       |     2 ||     2
    Use: Scroll            |     3 |    11 |    11 ||    25
         Potion            |       |     1 |    15 ||    16
   Stab: Petrifying        |     1 |       |     2 ||     3
         Paralysed         |       |     2 |     2 ||     4
         Confused          |       |     1 |     7 ||     8
         Petrified         |       |       |     4 ||     4
         Held in net/web   |       |       |     1 ||     1
 Armour: Leather armour    |    71 |    16 |       ||    87
         Chain mail        |       |   126 |   341 ||   467
         Skin              |       |     1 |       ||     1
  Dodge: Dodged            |    57 |    57 |   140 ||   254

Table legend: (Time is in decaauts)
 A = Elapsed time spent in this place.
 B = Non-inter-level travel time spent in this place.
 C = Inter-level travel time spent in this place.
 D = Time resting spent in this place.
 E = Time spent auto-exploring this place.
 F = Levels seen in this place.
 G = Mean time per level.
                   A        B        C        D        E       F      G
               +--------+--------+--------+--------+--------+-----+--------+
         Total |   7410 |   7107 |    303 |    474 |   5190 |  10 |  741.0 |
       Dungeon |   7408 |   7106 |    302 |    474 |   5190 |   9 |  823.1 |
        Temple |      1 |      1 |      0 |      0 |      0 |   1 |    1.0 |
               +--------+--------+--------+--------+--------+-----+--------+

Top non-repeatable levels by time:
     D:6: 1333 daAuts
     D:5: 1108 daAuts
     D:7: 1083 daAuts
     D:4: 962 daAuts
     D:3: 891 daAuts
     D:8: 801 daAuts
     D:2: 633 daAuts
     D:1: 544 daAuts
     D:9: 49 daAuts
  Temple: 1 daAuts
